 Dungeon Crawl Stone Soup version 0.24-a0-545-gd1b266bae6 (webtiles) character file.

Game seed: 1540255332314411617

0 Jannitor the Ducker (level 1, -5/11 HPs)
             Began as a Spriggan Abyssal Knight on Aug 18, 2019.
             Was a Follower of Lugonu.
             Killed from afar by a starcursed mass (8 damage)
             ... with an accursed screaming
             ... on level 2 of the Abyss.
             The game lasted 00:01:28 (256 turns).

Jannitor the Ducker (Spriggan Abyssal Knight)        Turns: 256, Time: 00:01:28

Health: -5/11      AC:  2    Str:  8      XL:     1   Next: 0%
Magic:  3/3        EV: 18    Int: 12 (13) God:    Lugonu [*.....]
Gold:   51         SH:  0    Dex: 15      Spells: 0/0 levels left

rFire    . . .     SeeInvis +   a - +1 short sword
rCold    . . .     Gourm    .   (shield restricted)
rNeg     . . .     Faith    .   b - +0 robe
rPois    .         Spirit   .   (helmet restricted)
rElec    .         Reflect  .   (no cloak)
rCorr    .         Harm     .   (gloves unavailable)
MR       .....                  (boots unavailable)
Stlth    +.........             (no amulet)
HPRegen  0.03/turn              (no ring)
MPRegen  0.08/turn              (no ring)

@: very quick
A: very small, unfitting armour, see invisible, herbivore, speed 3, slow
metabolism 2
a: Depart the Abyss, Renounce Religion


You were on level 2 of the Abyss.
You worshipped Lugonu.
Lugonu was aware of your devotion.
You were not hungry.

You visited 0 branches of the dungeon, and saw 0 of its levels.
You visited the Abyss 1 time.

You collected 51 gold pieces.

Inventory:

Hand Weapons
 a - a +1 short sword (weapon)
Armour
 b - a +0 robe (worn)
Comestibles
 c - a ration


   Skills:
 + Level 2.4 Fighting
 + Level 2.1 Short Blades
 + Level 3.5 Dodging
 + Level 1.7 Invocations


You couldn't memorise any spells.
You didn't know any spells.
Your spell library contained the following spells:

 Spells                   Type           Power        Failure   Level  Hunger
 Sandblast                Erth           #.....       32%         1    ##.....
 Passwall                 Tmut/Erth      #.......     45%         2    ###....
 Stone Arrow              Conj/Erth      #.....       69%         3    ####...
 Petrify                  Tmut/Erth      #.......     97%         4    #####..
 Lee's Rapid Deconstruct  Erth           #.........   100%        5    ######.


Dungeon Overview and Level Annotations

Branches:
Dungeon (0/15)

Altars:


Innate Abilities, Weirdness & Mutations

You are very small and have problems with some larger weapons.
You are too small for most types of armour.
You have supernaturally acute eyesight. (SInv)
You are a herbivore.
You cover ground extremely quickly.
You need to consume almost no food.


Message History

* * * LOW HITPOINT WARNING * * *
A rakshasa comes into view. It is wielding a +0 trident.
Your smoke demon hits the smoke demon. x3
You see here a leather armour.
A ynoxinul comes into view.
The ball of steam hits the freezing wraith!
A ball of steam appears from out of your range of vision.
The ball of steam hits the smoke demon!
The smoke demon resists.
The cyan very ugly thing gurgles horribly!
You are suddenly pulled into a different region of the Abyss!
A large abomination emerges from the beyond.
Found 29 stones.
The large abomination is too close now for your liking.
A starcursed mass comes into view.
A neqoxec comes into view.
The neqoxec shouts!
A starcursed mass splits.
The starcursed mass shrieks in your mind.
Ouch! That really hurt!
You die...

## ≈≈≈ ..###..
≈.#... # . .3...
.#. #... #.. #..
#.# ## . ##.####..
..#.. ##..@##.#
... #.......##.. #
. #........#.#.#
.#.
...#.......X.##...
.. ##...####..#.##
. ##.##......#.# #
#...#.....#.#..#
#......##.....#
......# ##...#.#


You could see a starcursed mass and a neqoxec.

Vanquished Creatures (others)
  2 starspawn tentacles (Abyss:2)
2 creatures vanquished.

Notes
Turn   | Place    | Note
-------+----------+-------------------------------------------
     0 | Abyss:1  | Jannitor the Spriggan Abyssal Knight began the quest for
                  | the Orb.
     0 | Abyss:1  | Reached XP level 1. HP: 11/11 MP: 3/3
    88 | Abyss:2  | Noticed a naga
    88 | Abyss:2  | Noticed a salamander
   112 | Abyss:2  | Noticed a starcursed mass
   124 | Abyss:2  | Noticed a small abomination
   134 | Abyss:2  | Noticed a ghost moth zombie
   134 | Abyss:2  | Noticed a neqoxec
   136 | Abyss:2  | Noticed a tentacled starspawn
   136 | Abyss:2  | Noticed a freezing wraith
   139 | Abyss:2  | Noticed a small abomination
   163 | Abyss:2  | Noticed a smoke demon
   174 | Abyss:2  | Noticed a rakshasa
   177 | Abyss:2  | Noticed a ynoxinul
   183 | Abyss:2  | Noticed a cyan very ugly thing
   226 | Abyss:2  | Noticed a large abomination
   250 | Abyss:2  | Noticed a starcursed mass
   254 | Abyss:2  | Noticed a neqoxec
   256 | Abyss:2  | Killed from afar by a starcursed mass

Levels and vault maps discovered:
Abyss:2

Action                   || total
-------------------------++-------
Evoke: Phantom mirror    ||     1

Table legend:
 A = Non-vault XP
 B = Vault XP
 C = Vault XP percentage of total XP
 D = Non-vault monster count
 E = Vault monster count
 F = Vault count percentage of total count
                 A         B        C        D         E       F
            +---------+---------+-------+---------+---------+-------
      Total |       0 |       0 |   N/A |       0 |       0 |  -nan
            +---------+---------+-------+---------+---------+-------
            +---------+---------+-------+---------+---------+-------
